 Dungeon Crawl Stone Soup version 0.19.5 (webtiles) character file.

35 Gargoyl the Skirmisher (level 3, -1/33 HPs)
             Began as a Ghoul Abyssal Knight on Mar 7, 2017.
             Was a Follower of Lugonu.
             Slain by a crimson imp (4 damage)
             ... on level 3 of the Abyss.
             The game lasted 00:00:31 (144 turns).

Gargoyl the Skirmisher (Ghoul Abyssal Knight)        Turns: 144, Time: 00:00:31

Health: -1/33      AC:  3    Str: 15    XL:     3   Next: 33%
Magic:  3/3        EV: 11    Int:  7    God:    Lugonu [*.....]
Gold:   37         SH:  0    Dex:  9    Spells: 0 memorised, 2 levels left

rFire  . . .     SeeInvis .     a - +2 hand axe
rCold  + . .     Gourm    .     b - +0 leather armour
rNeg   + + +     Faith    .     (no shield)
rPois  ∞         Spirit   .     (no helmet)
rElec  .         Reflect  .     (no cloak)
rCorr  .         Harm     .     (no gloves)
MR     .....                    (no boots)
Stlth  +.........               (no amulet)
                                (no ring)
                                (no ring)

@: rotting
A: rotting body, claws 1, carnivore 3, cold resistance 1, negative energy
resistance 3, slow regeneration 1, torment resistance, unbreathing
a: Depart the Abyss, Renounce Religion


You were on level 3 of the Abyss.
You worshipped Lugonu.
Lugonu was aware of your devotion.
You were not hungry.

You visited 0 branches of the dungeon, and saw 0 of its levels.
You visited the Abyss 1 time.

You collected 37 gold pieces.

Inventory:

Hand Weapons
 a - a +2 hand axe (weapon)
Armour
 b - a +0 leather armour (worn)
Comestibles
 c - a meat ration


   Skills:
 + Level 4.0 Fighting
 + Level 2.2 Axes
 + Level 2.1 Armour
 + Level 1.1 Dodging
 + Level 2.0 Invocations


You had 2 spell levels left.
You didn't know any spells.

Dungeon Overview and Level Annotations

Branches:
Dungeon (0/15)

Altars:


Innate Abilities, Weirdness & Mutations

Your body is rotting away.
You thrive on raw meat.
You are immune to poison.
You have sharp fingernails.
You are carnivorous and can eat meat at any time.
Your flesh is cold resistant. (rC+)
You are immune to negative energy. (rN+++)
You regenerate slowly when monsters are visible.
You are immune to unholy pain and torment.
You can survive without breathing.


Message History

You have reached level 2!
You have reached level 3!
Your experience leads to an increase in your attributes!
Increase (S)trength, (I)ntelligence, or (D)exterity?
You feel agile.
You hit the crimson imp.
The substance of the Abyss twists violently, and a gateway leading out appears!
The crimson imp hits you but does no damage.
You barely miss the crimson imp.
The crimson imp is lightly wounded.
The crimson imp closely misses you.
The crimson imp blinks!
You hit the crimson imp but do no damage.
The crimson imp is lightly wounded.
The crimson imp hits you but does no damage.
You miss the crimson imp.
The crimson imp blinks!
The crimson imp barely misses you.
You hit the crimson imp.
The crimson imp is moderately wounded.
The crimson imp hits you.
You die...

# .. ..## . # ####.#
...# . #.# .##
#.#≈≈≈... ...#.
..#...#.≈≈≈≈≈
...#.###.#.#......∩
....##..##.....≈≈≈≈≈
#..≈... .#.#.#
.≈≈≈... ## . #..#
#.5##.≈≈....
≈...#.....#.@#.≈≈≈...
.≈ . ..#.##.##.# ≈
≈≈≈ ≈. # ....... ##
.# . ..#..#... #.#
#......# #..#..5
..#.... ...#. #.##.


You could see a crimson imp.

Vanquished Creatures
  A crimson imp (Abyss:3)
1 creature vanquished.

Notes
Turn   | Place    | Note
-------+----------+-------------------------------------------
     0 | Abyss:1  | Gargoyl the Ghoul Abyssal Knight began the quest for the Orb.
     0 | Abyss:1  | Reached XP level 1. HP: 19/19 MP: 1/1
    59 | Abyss:2  | Found a corrupted altar of Lugonu.
   118 | Abyss:3  | Noticed a crimson imp
   118 | Abyss:3  | Noticed a crimson imp
   118 | Abyss:3  | Noticed a crimson imp
   137 | Abyss:3  | Killed a crimson imp
   137 | Abyss:3  | Reached skill level 4 in Fighting
   137 | Abyss:3  | Reached skill level 1 in Dodging
   137 | Abyss:3  | Reached XP level 2. HP: 2/27 MP: 2/2
   137 | Abyss:3  | Reached XP level 3. HP: 2/33 MP: 3/3
   144 | Abyss:3  | Slain by a crimson imp

Skill      XL: |  1 |
---------------+----+-----
Fighting       | 4 |  4.0
Axes           | 2 |  2.2
Armour         | 2 |  2.1
Dodging        | 1 |  1.1
Invocations    | |  2.0

Action                   || total
-------------------------++-------
Melee: Hand axe          ||    19
  Use: Scroll            ||     1
Armor: Leather armour    ||    11
Dodge: Dodged            ||    11
